 Dungeon Crawl Stone Soup version 0.29-a0-392-g297d3b089c (webtiles) character file.

Game seed: 13735421356039202128

1739 dolemite99 the Cruncher (level 8, -2/56 HPs)
             Began as a Demonspawn Gladiator on May 8, 2022.
             Was an Elder of Qazlal.
             Slain by a troll (9 damage)
             ... on level 6 of the Dungeon.
             The game lasted 00:08:46 (6758 turns).

dolemite99 the Cruncher (Demonspawn Gladiator)      Turns: 6758, Time: 00:08:46

Health: -2/56      AC:  9    Str: 16    XL:     8   Next: 77%
Magic:  8/8        EV: 12    Int: 10    God:    Qazlal [****..]
Gold:   134        SH:  5    Dex: 21    Spells: 7/7 levels left

rFire   . . .      SeeInvis .   a - +1 quarterstaff
rCold   . . .      Faith    .   (shield currently unavailable)
rNeg    . . .      Spirit   .   s - +0 ring mail
rPois   +          Reflect  .   c - +1 helmet
rElec   .          Harm     .   (no cloak)
rCorr   .          Rampage  .   (gloves unavailable)
Will    .....                   (no boots)
Stlth   +.........              A - amulet of regeneration
HPRegen 0.98/turn               B - +6 ring of dexterity
MPRegen 0.11/turn               z - ring of poison resistance

@: repel missiles
A: thin metallic scales 1, ignite blood 2, demonic touch 3
a: Renounce Religion, Upheaval, Elemental Force


You were on level 6 of the Dungeon.
You worshipped Qazlal.
Qazlal was greatly pleased with you.
You visited 2 branches of the dungeon, and saw 7 of its levels.
You also visited: Ossuary.

You collected 191 gold pieces.
You spent 57 gold pieces at shops.

Inventory:

Hand Weapons
 a - a +1 quarterstaff (weapon)
 h - a +3 spear of freezing
 p - a +0 quarterstaff
 M - a +5 dire flail of draining
Missiles
 d - 4 throwing nets (quivered)
 e - 6 javelins
 g - 131 stones
 l - 11 poisoned darts
 F - a boomerang
 G - 2 curare-tipped darts
Armour
 b - a +0 leather armour
 c - a +1 helmet (worn)
 m - a +2 kite shield
 s - a +0 ring mail (worn)
 t - an orb of energy
Jewellery
 x - a ring of protection from cold
 y - a ring of protection from fire
 z - a ring of poison resistance (right hand)
 A - an amulet of regeneration (around neck)
 B - a +6 ring of dexterity (left hand)
 D - a +6 ring of dexterity
 K - a ring of see invisible
Wands
 q - a wand of polymorph (8)
Scrolls
 i - 2 scrolls of teleportation
 j - 3 scrolls of fear
 k - 5 scrolls of magic mapping
 C - a scroll of fog
 J - 2 scrolls of immolation
 L - a scroll of amnesia {unknown}
Potions
 f - 3 potions of ambrosia
 n - 2 potions of heal wounds {unknown}
 o - a potion of flight {unknown}
 r - 6 potions of curing
 u - a potion of magic {unknown}
 v - a potion of degeneration {unknown}
 w - 3 potions of haste {unknown}
 E - a potion of might {unknown}
 H - 2 potions of cancellation {unknown}
 I - 2 potions of lignification {unknown}


   Skills:
 - Level 2.0 Fighting
 + Level 10.7 Staves
 - Level 1.7 Throwing
 - Level 2.6 Dodging


You had 7 spell levels left.
You didn't know any spells.
Your spell library contained the following spells:

 Spells                   Type           Power      Damage    Failure   Level
 Freeze                   Ice            0%         1d3       58%         1
 Sting                    Tmut/Pois      0%         1d3       58%         1
 Poisonous Vapours        Pois/Air       0%         N/A       73%         2
 Frozen Ramparts          Ice            0%         1d2       91%         3
 Tukima's Dance           Hex            0%         N/A       91%         3
 Anguish                  Hex/Necr       0%         N/A       100%        4
 Hailstorm                Conj/Ice       0%         3d3       100%        4
 Olgreb's Toxic Radiance  Pois           0%         N/A       100%        4
 Enfeeble                 Hex            0%         N/A       100%        7


Dungeon Overview and Level Annotations

Branches:
Dungeon (6/15)             Temple (1/1) D:4         Ossuary (visited)

Altars:
Elyvilon
Fedhas
Nemelex Xobeh
Qazlal
Zin

Shops:
D:5 (

Annotations:
D:2 1 runed translucent door, Crazy Yiuf, Sigmund


Innate Abilities, Weirdness & Mutations

You are partially covered in thin metallic scales. (AC +2)
Your demonic aura often causes spilled blood to erupt in flames.
Your touch may irresistibly damage your foes and sap their willpower.


Message History

Edmund is engulfed in blazing flames.
You kill Edmund!
Qazlal accepts your kill.
Your life force feels restored.
No target in view!
No target in view!
L - a scroll labelled KIOPNE TEGAYRO
There are no items here.
You start waiting.
A troll comes into view.
Things that are here:
a +5 dire flail of draining; a +1 chain mail of cold resistance; the human corpse of Edmund
M - a +5 dire flail of draining The troll is engulfed in blazing flames.
You hit the troll but do no damage.
The troll is moderately wounded.
The troll closely misses you. The troll claws you! x2
You closely miss the troll.
The troll is lightly wounded.
The troll closely misses you. You block the troll's attack.
The troll barely misses you.
You thump the troll!
The troll is heavily wounded.
You barely miss the troll.
The troll is heavily wounded.
The troll closely misses you. The troll claws you.
You block the troll's attack.
You closely miss the troll.
The troll is moderately wounded.
The troll bites you! The troll closely misses you. The troll claws you!
* * * LOW HITPOINT WARNING * * *
You hit the troll but do no damage.
The troll is moderately wounded.
The troll misses you. You block the troll's attack. x2
The troll attacks as you move away! The troll bites you.
* * * LOW HITPOINT WARNING * * *
The troll claws you.
* * * LOW HITPOINT WARNING * * *
The troll claws you!
You die...

.....#..........##.........
................##.........
..[...)....##...#####......
...........................
.......[..#................
..........#................
..........#................
.........°°☼°#.######......
#........T@................
......##§°○.§..............
....#. #°..§...............
....#. #..........####.....
.. ....##...............
.....#................
......#................
......#..............##
#.....##.......#


You could see a troll.

Vanquished Creatures
  Menkaure (D:5)
  Edmund (D:6)
  2 black bears (D:6)
  2 ogres (D:6)
  2 phantoms
  A gnoll sergeant (D:5)
  3 scorpions
  2 centaur zombies (Ossuary)
  4 hounds
  A human zombie (Ossuary)
  A jelly (D:6)
  Jessica (D:3)
  2 iguanas
  An orc wizard (D:6)
  3 mummies
  8 gnolls
  3 river rats (D:5)
  15 adders
  A white imp (D:5)
  An ufetubus (D:5)
  3 worms
  3 dart slugs
  4 orcs
  A bat (D:2)
  10 endoplasms
  2 giant cockroaches (D:3)
  10 goblins
  12 hobgoblins
  5 jackals
  3 quokkas
  11 ball pythons
  4 frilled lizards
  2 goblin zombies (Ossuary)
  8 hobgoblin zombies (Ossuary)
  7 kobolds
  9 kobold zombies (Ossuary)
  8 orc zombies (Ossuary)
  7 rats
  6 rat zombies (Ossuary)
170 creatures vanquished.

Notes
Turn   | Place    | Note
-------+----------+-------------------------------------------
     0 | D:1      | dolemite99 the Demonspawn Gladiator began the quest for the
                  | Orb.
     0 | D:1      | Reached XP level 1. HP: 16/16 MP: 1/1
    45 | D:1      | Reached skill level 3 in Staves
   235 | D:1      | Gained mutation: You are partially covered in thin metallic
                  | scales. (AC +2) [demonic ancestry]
   235 | D:1      | Reached XP level 2. HP: 20/22 MP: 2/2
  1281 | D:2      | Gained mutation: Your touch may inflict minor irresistible
                  | damage on your foes. [demonic ancestry]
  1281 | D:2      | Reached XP level 3. HP: 26/27 MP: 3/3
  1321 | D:2      | Reached skill level 4 in Staves
  1394 | D:2      | Found a faded altar of an unknown god.
  1409 | D:2      | Prayed at the altar of an unknown god.
  1409 | D:2      | Became a worshipper of Qazlal Stormbringer
  1409 | D:2      | Reached * piety under Qazlal
  1999 | D:2      | Gained mutation: Your demonic aura sometimes causes spilled
                  | blood to erupt in flames. [demonic ancestry]
  1999 | D:2      | Reached XP level 4. HP: 33/33 MP: 4/4
  2044 | D:2      | Found a runed translucent door.
  2047 | D:2      | Noticed Crazy Yiuf
  2074 | D:2      | You fall into a shaft and drop 2 floors!
  2251 | D:3      | Reached skill level 5 in Staves
  2697 | D:3      | Gained mutation: Your touch may inflict irresistible damage
                  | on your foes. [demonic ancestry]
  2697 | D:3      | Reached XP level 5. HP: 20/38 MP: 5/5
  2760 | D:3      | Noticed Jessica
  2771 | D:3      | Killed Jessica
  2776 | D:3      | Reached ** piety under Qazlal
  3409 | D:2      | Noticed Sigmund
  3821 | D:4      | Noticed a phantom
  3835 | D:4      | Killed a phantom
  3836 | D:4      | Reached skill level 6 in Staves
  3836 | D:4      | Gained mutation: Your demonic aura often causes spilled
                  | blood to erupt in flames. [demonic ancestry]
  3836 | D:4      | Reached XP level 6. HP: 38/44 MP: 6/6
  3881 | D:4      | Found a staircase to the Ecumenical Temple.
  4162 | D:5      | Entered Level 5 of the Dungeon
  4374 | D:5      | Reached skill level 7 in Staves
  4582 | D:5      | Gained mutation: Your touch may irresistibly damage your
                  | foes and sap their willpower. [demonic ancestry]
  4582 | D:5      | Reached XP level 7. HP: 38/50 MP: 7/7
  4620 | D:5      | Found Motimel's Firing Range.
  4639 | D:5      | Bought 2 curare-tipped darts for 13 gold pieces
  4639 | D:5      | Bought 5 javelins for 44 gold pieces
  4741 | D:5      | Found a sand-covered staircase.
  4754 | Ossuary  | Entered an ossuary
  4815 | Ossuary  | Reached *** piety under Qazlal
  4988 | Ossuary  | Reached skill level 8 in Staves
  5575 | Temple   | Entered the Ecumenical Temple
  5936 | D:5      | Noticed Menkaure
  6182 | D:5      | Killed Menkaure
  6183 | D:5      | Reached skill level 9 in Staves
  6183 | D:5      | Reached XP level 8. HP: 23/56 MP: 8/8
  6428 | D:6      | Reached **** piety under Qazlal
  6644 | D:6      | Reached skill level 10 in Staves
  6671 | D:6      | Noticed Edmund
  6682 | D:6      | Killed Edmund
  6743 | D:6      | Noticed a troll
  6758 | D:6      | Slain by a troll

Illustrated notes

Levels and vault maps discovered:
D:1:      heliophobic_arrival_henge, layout_basic
D:2:      layout_loops_ring, shapermc_ecumenical_altar_notcrosses, uniq_sigmund,
          uniq_crazy_yiuf_cottage
D:3:      layout_loops_ring, uniq_jessica
D:4:      layout_loops_ring, temple_doors_e
D:5:      layout_basic, lightli_sewer_entry_pipes, gup_ossuary_entry_pyramid,
          nicolae_shop_firing_range, uniq_menkaure
D:6:      layout_basic, minmay_quadrilaterals, uniq_edmund
Temple:   eino_temple_rhombus

Skill      XL: |  1  2  3  4  5  6  7  8 |
---------------+-------------------------+-----
Staves         | 3 4 5 6 7 9 10 | 10.7
Fighting       | |  2.0
Throwing       | |  1.7
Dodging        | |  2.6

Action                   |  1- 3 |  4- 6 |  7- 9 || total
-------------------------+-------+-------+-------++-------
Melee: Quarterstaff      |    95 |   187 |   252 ||   534
  Use: Scroll            |       |     1 |    10 ||    11
       Potion            |       |     1 |       ||     1
Armor: Leather armour    |    27 |     5 |       ||    32
       Ring mail         |       |    79 |    78 ||   157
Dodge: Dodged            |    57 |   113 |   108 ||   278
Block: Other             |       |    17 |    42 ||    59

Table legend: (Time is in decaauts)
 A = Elapsed time spent in this place.
 B = Non-inter-level travel time spent in this place.
 C = Inter-level travel time spent in this place.
 D = Time resting spent in this place.
 E = Time spent auto-exploring this place.
 F = Levels seen in this place.
 G = Mean time per level.
                   A        B        C        D        E       F      G
               +--------+--------+--------+--------+--------+-----+--------+
         Total |   6781 |   6503 |    278 |   1977 |   2853 |   8 |  847.6 |
       Dungeon |   6498 |   6220 |    278 |   1968 |   2790 |   6 | 1083.0 |
        Temple |      1 |      1 |      0 |      0 |      0 |   1 |    1.0 |
       Ossuary |    280 |    280 |      0 |      9 |     63 |   1 |  280.0 |
               +--------+--------+--------+--------+--------+-----+--------+

Top non-repeatable levels by time:
     D:4: 1736 daAuts
     D:2: 1246 daAuts
     D:1: 1241 daAuts
     D:5: 1021 daAuts
     D:3: 894 daAuts
     D:6: 358 daAuts
 Ossuary: 280 daAuts
  Temple: 1 daAuts
